 Dungeon Crawl Stone Soup version 0.29.0-13-gc9e81de378 (webtiles) character file.

Game seed: 15202644367535029814

14661 emagee the Severer (level 11, -21/151 HPs)
             Began as a Minotaur Fighter on Sept 10, 2022.
             Was a High Priest of Okawaru.
             Demolished by a white ugly thing (28 damage)
             ... on level 11 of the Dungeon.
             The game lasted 00:28:39 (13607 turns).

emagee the Severer (Minotaur Fighter)              Turns: 13607, Time: 00:28:40

Health: -21/151    AC: 29    Str: 25    XL:     11   Next: 91%
Magic:  0/15       EV:  9    Int:  5    God:    Okawaru [*****.]
Gold:   613        SH:  6    Dex: 10    Spells: 10/10 levels left

rFire   x . .      SeeInvis +   a - +0 war axe
rCold   . . .      Faith    .   c - +0 buckler
rNeg    + . .      Spirit   +   z - +0 plate armour
rPois   +          Reflect  .   L - +0 hat "Anuy" {Rampage rElec rF- rCorr}
rElec   +          Harm     .   B - +2 cloak {rPois}
rCorr   +          Rampage  +   u - +1 pair of gloves
Will    +....                   H - +0 pair of boots
Stlth   ..........              g - amulet of guardian spirit
HPRegen 0.35/turn               s - +4 ring of protection
MPRegen 0.14/turn               Q - ring "Tulycofud" {rN+ Will+ SInv}

@: berserking, heroic, very quick
A: horns 2, retaliatory headbutt
a: Renounce Religion, Heroism, Finesse, Duel


You were on level 11 of the Dungeon.
You worshipped Okawaru.
Okawaru was extremely pleased with you.
You visited 2 branches of the dungeon, and saw 12 of its levels.
You also visited: Bailey.

You collected 613 gold pieces.

Inventory:

Hand Weapons
 a - a +0 war axe (weapon)
 b - a +2 mace of protection
 C - a +3 quarterstaff of chaos
Missiles
 m - 12 poisoned darts (quivered)
 I - a curare-tipped dart
Armour
 c - a +0 buckler (worn)
 u - a +1 pair of gloves (worn)
 z - a +0 plate armour (worn)
 B - a +2 cloak of poison resistance (worn)
 H - a +0 pair of boots (worn)
 L - the +0 hat "Anuy" (worn) {Rampage rElec rF- rCorr}
   (Okawaru gifted it to you on level 8 of the Dungeon)

   rF:        It makes you vulnerable to fire.
   rElec:     It insulates you from electricity.
   rCorr:     It protects you from acid and corrosion.
   Rampage:   It bestows one free step when moving towards enemies.
Jewellery
 g - an amulet of guardian spirit (around neck)
 s - a +4 ring of protection (left hand)
 G - an amulet of the acrobat
 K - a ring of flight
 Q - the ring "Tulycofud" (right hand) {rN+ Will+ SInv}
   (You found it on level 11 of the Dungeon)

   [ring of willpower]

   rN:        It protects you from negative energy.
   SInv:      It lets you see invisible.
   Will:      It increases your willpower.
Wands
 d - a wand of flame (15)
 A - a wand of polymorph (17)
 J - a wand of iceblast (6)
Scrolls
 e - a scroll of fear
 p - a scroll of noise
 q - 7 scrolls of enchant armour
 r - a scroll of enchant weapon {unknown}
 w - 4 scrolls of immolation
 y - a scroll of vulnerability {unknown}
 D - a scroll of blinking {unknown}
 E - a scroll of magic mapping {unknown}
 F - a scroll of amnesia {unknown}
 O - 2 scrolls of poison
 P - a scroll of teleportation
Potions
 h - 2 potions of resistance
 i - 3 potions of haste
 j - a potion of berserk rage
 k - 6 potions of curing
 l - 2 potions of invisibility
 n - 3 potions of brilliance
 o - 3 potions of attraction
 t - 2 potions of cancellation
 v - 2 potions of mutation
 M - 2 potions of might
 N - a potion of flight {unknown}


   Skills:
 + Level 10.9(15.9) Fighting
 * Level 15.3(20.3) Axes
 + Level 10.8(15.8) Armour
 - Level 6.0(11.0) Shields
 + Level 7.2 Invocations


You had 10 spell levels left.
You didn't know any spells.
Your spell library contained the following spells:

 Spells                   Type           Power      Damage    Failure   Level
 Apportation              Tloc           0%         N/A       99%         1
 Static Discharge         Conj/Air       0%         3-3/arc   100%        2
 Dispel Undead            Necr           0%         3d6       100%        4
 Sticky Flame             Conj/Fire      0%         2d3       100%        4
 Alistair's Intoxication  Tmut/Pois      0%         N/A       100%        5


Dungeon Overview and Level Annotations

Branches:
Dungeon (11/15)            Temple (1/1) D:4          Bailey (visited)
   Lair: D:8-11         Orc: D:9-12

Altars:
Ashenzari
Cheibriados
Elyvilon
Fedhas
Gozag
Nemelex Xobeh
Okawaru
Sif Muna
Vehumet
Wu Jian
Zin
The Shining One
Jiyva

Shops:
D:2 (   D:8 :   D:11 :

Annotations:
D:8 2 transporters
D:10 2 transporters


Innate Abilities, Weirdness & Mutations

You have a pair of horns on your head.
You reflexively headbutt those who attack you in melee.


Message History

A white ugly thing comes into view.
The white ugly thing gurgles horribly!
The white ugly thing moves out of view.
As you read the scroll of identify, it crumbles to dust.
x - a potion of magic A white ugly thing is nearby!
You barely miss the white ugly thing. The white ugly thing kicks you.
The white ugly thing freezes you!!
You closely miss the white ugly thing.
Your headbutt misses the white ugly thing.
The white ugly thing kicks you! The white ugly thing freezes you!!
* * * LOW HITPOINT WARNING * * *
You are too injured to fight recklessly!
You gain the combat prowess of a mighty hero.
The white ugly thing kicks you but does no damage.
Okay, then.
You closely miss the white ugly thing. You slash the white ugly thing!
The white ugly thing is lightly wounded.
You block the white ugly thing's attack.
You slash the white ugly thing!
The white ugly thing is moderately wounded.
The white ugly thing closely misses you.
You furiously retaliate!
You headbutt the white ugly thing. You slash the white ugly thing!
The white ugly thing is heavily wounded.
The white ugly thing kicks you.
* * * LOW HITPOINT WARNING * * *
The white ugly thing freezes you!!
* * * LOW HITPOINT WARNING * * *
Magic courses through your body.
The white ugly thing kicks you but does no damage.
You can now deal lightning-fast blows.
The white ugly thing kicks you but does no damage.
A red film seems to cover your vision as you go berserk!
Your finesse ends abruptly.
You feel yourself moving faster!
You feel mighty! The white ugly thing kicks you!
* * * LOW HITPOINT WARNING * * *
The white ugly thing freezes you!!
You die...

....# # #...#
#. #...+
#.###...#
#.......#####
#...........#
#.....>.u...#
#......@# #
#.......##..#
#...........#
#......######
#.###..# #.
#..# #.###..#
#......###
#........#


You could see a white ugly thing.

Vanquished Creatures
  6 two-headed ogres
  A death yak (D:9)
  An orc knight (Bailey)
  An ugly thing (D:8)
  3 cyclopes
  An ice statue (D:8)
  A komodo dragon (D:11)
  2 polar bears (D:9)
  A troll (D:10)
  2 hornets
  Prince Ribbit (D:5)
  Sigmund (D:2)
  A wyvern (D:8)
  4 yaks
  2 steam dragons
  18 orc warriors
  3 ice beasts
  A black bear (D:6)
  A wolf (D:9)
  8 centaurs
  An ogre (D:5)
  4 kobold brigands
  3 gnoll sergeants
  5 bullfrogs
  Blork the orc (D:5)
  3 scorpions
  2 necrophages
  A hornet simulacrum (D:9)
  A wight (D:8)
  7 killer bees
  5 howler monkeys
  3 hounds
  Crazy Yiuf (D:4)
  2 gnoll boudas
  4 orc priests
  3 jellies
  10 iguanas
  9 orc wizards
  17 gnolls
  2 adders
  3 white imps
  An ufetubus (D:6)
  5 worms
  2 dart slugs
  50 orcs
  3 bats
  An endoplasm (D:4)
  2 giant cockroaches
  3 hobgoblins
  4 jackals (D:2)
  2 quokkas
  9 ball pythons
  8 frilled lizards
  3 goblins
  A jackal zombie (D:6)
  12 kobolds
  3 rats
255 creatures vanquished.

Vanquished Creatures (others)
  8 plants (D:4)
8 creatures vanquished.

Grand Total: 263 creatures vanquished

Notes
Turn   | Place    | Note
-------+----------+-------------------------------------------
     0 | D:1      | emagee the Minotaur Fighter began the quest for the Orb.
     0 | D:1      | Reached XP level 1. HP: 19/19 MP: 0/0
   157 | D:1      | Reached skill level 3 in Axes
   764 | D:2      | Noticed Sigmund
   770 | D:2      | Killed Sigmund
   771 | D:2      | Reached skill level 6 in Axes
   771 | D:2      | Reached XP level 2. HP: 18/27 MP: 1/1
   771 | D:2      | Reached XP level 3. HP: 22/33 MP: 2/2
   771 | D:2      | Reached XP level 4. HP: 27/40 MP: 3/3
   771 | D:2      | Reached XP level 5. HP: 31/46 MP: 4/4
  1673 | D:2      | Found Akachypn's Weapon Shoppe.
  1873 | D:3      | Found an opulent altar of Gozag.
  2120 | D:3      | You fall into a shaft and drop 1 floor!
  2133 | D:4      | Noticed an ice beast
  2140 | D:4      | HP: 1/46 [ice beast (13)]
  2142 | D:4      | Killed an ice beast
  2143 | D:4      | Reached XP level 6. HP: 2/53 MP: 5/5
  2485 | D:4      | Found a staircase to the Ecumenical Temple.
  2498 | Temple   | Entered the Ecumenical Temple
  2584 | Temple   | Became a worshipper of Warmaster Okawaru
  2669 | D:4      | Reached skill level 7 in Axes
  3420 | D:4      | Found a runed translucent door.
  3421 | D:4      | Noticed Crazy Yiuf
  3770 | D:3      | Found a sparkling altar of Nemelex Xobeh.
  4197 | D:5      | Entered Level 5 of the Dungeon
  4273 | D:5      | Reached XP level 7. HP: 51/60 MP: 6/6
  4293 | D:5      | Reached skill level 1 in Invocations
  4469 | D:5      | Noticed Blork the orc
  4481 | D:5      | Killed Blork the orc
  4616 | D:5      | Reached skill level 5 in Fighting
  4690 | D:5      | Reached skill level 5 in Shields
  4806 | D:5      | Reached * piety under Okawaru
  4807 | D:5      | Reached skill level 5 in Armour
  4988 | D:4      | Killed Crazy Yiuf
  5149 | D:5      | Reached skill level 8 in Axes
  5161 | D:5      | Noticed Prince Ribbit
  5264 | D:5      | Killed Prince Ribbit
  5391 | D:5      | Reached XP level 8. HP: 69/69 MP: 8/8
  5844 | D:6      | Reached ** piety under Okawaru
  5972 | D:6      | Reached skill level 9 in Axes
  7047 | D:6      | Reached XP level 9. HP: 67/78 MP: 8/10
  7218 | D:7      | Reached skill level 10 in Axes
  7332 | D:7      | Reached *** piety under Okawaru
  7942 | D:7      | Found an ornate altar of the Wu Jian Council.
  8329 | D:8      | Found a flagged portal.
  8337 | Bailey   | Entered a bailey
  8671 | Bailey   | Reached skill level 11 in Axes
  8922 | Bailey   | Reached skill level 5 in Invocations
  9021 | Bailey   | Noticed an orc knight
  9031 | Bailey   | Killed an orc knight
  9031 | Bailey   | Reached **** piety under Okawaru
  9032 | Bailey   | Reached XP level 10. HP: 32/88 MP: 4/12
  9330 | D:8      | Found Isoceq's Book Shoppe.
  9360 | D:8      | Noticed a two-headed ogre
  9377 | D:8      | Killed a two-headed ogre
  9378 | D:8      | Reached skill level 12 in Axes
  9913 | D:8      | Reached ***** piety under Okawaru
  9922 | D:8      | Noticed a two-headed ogre
  9927 | D:8      | Noticed a brown ugly thing
  9931 | D:8      | Killed a two-headed ogre
  9932 | D:8      | Reached skill level 13 in Axes
  9935 | D:8      | Killed a brown ugly thing
 10003 | D:8      | Noticed a cyclops
 10010 | D:8      | Killed a cyclops
 10011 | D:8      | Noticed a cyclops
 10019 | D:8      | Killed a cyclops
 10019 | D:8      | Identified the +0 hat "Anuy" {Rampage rElec rF- rCorr}
                  | (Okawaru gifted it to you on level 8 of the Dungeon)
 10019 | D:8      | Received a gift from Okawaru
 10284 | D:8      | Noticed an ice statue
 10299 | D:8      | Killed an ice statue
 10300 | D:8      | Reached XP level 11. HP: 41/99 MP: 6/14
 10593 | D:8      | Found a transporter.
 10613 | D:8      | Found a transporter.
 10615 | D:8      | Found a viscous altar of Jiyva.
 10844 | D:9      | Noticed a two-headed ogre
 10853 | D:9      | Reached skill level 14 in Axes
 10859 | D:9      | Killed a two-headed ogre
 10860 | D:9      | Reached skill level 10 in Fighting
 10862 | D:9      | Reached skill level 10 in Armour
 10862 | D:9      | Noticed a two-headed ogre
 10867 | D:9      | HP: 3/99 [orc priest/nerve-wracking pain (10)]
 11309 | D:9      | Noticed a death yak
 11318 | D:9      | Killed a death yak
 11719 | D:9      | Killed a two-headed ogre
 11845 | D:9      | Found a broken altar of Ashenzari.
 11845 | D:9      | Found a snail-covered altar of Cheibriados.
 12053 | D:10     | Entered Level 10 of the Dungeon
 12117 | D:10     | Noticed a two-headed ogre
 12129 | D:10     | Killed a two-headed ogre
 12235 | D:10     | Noticed a two-headed ogre
 12245 | D:10     | Killed a two-headed ogre
 12308 | D:10     | Reached skill level 15 in Axes
 12511 | D:10     | Found a glowing silver altar of Zin.
 12511 | D:10     | Found a white marble altar of Elyvilon.
 12511 | D:10     | Found a glowing golden altar of the Shining One.
 12585 | D:10     | Found the +18 Lear's hauberk
 12831 | D:10     | Found a transporter.
 12865 | D:10     | Found a transporter.
 13145 | D:11     | Identified the ring "Tulycofud" {rN+ Will+ SInv}
 13171 | D:11     | Found Noisaxt's Book Boutique.
 13595 | D:11     | Noticed a white ugly thing
 13604 | D:11     | HP: 5/101 [white ugly thing (20)]
 13607 | D:11     | Demolished by a white ugly thing

Illustrated notes

Levels and vault maps discovered:
D:1:      mrwooster_arrival_arrow, layout_basic, minmay_split_cup_small
D:2:      layout_basic, serial_shops, nicolae_lakefront_shop, st_stairs_5,
          uniq_sigmund
D:3:      layout_basic, mainiacjoe_overflow_boulevard,
          nemelex_spade_bored_becter
D:4:      layout_cave_pods, minmay_temple_entry_overgrown,
          minmay_misc_feat_four_crosses, minmay_misc_feat_pillars,
          palyth_stone_intersect, uniq_crazy_yiuf_cottage
D:5:      layout_cave_pods, corner_web_ring, hangedman_decor_lopped,
          uniq_prince_ribbit1, uniq_blork_the_orc
D:6:      layout_basic, enter_ossuary_3, corexii_hall_statues_s
D:7:      layout_basic, lemuel_tele_altar
D:8:      gammafunk_jiyva_shrine, layout_rooms, enter_bailey_1, serial_shops,
          shop_fountains, nzn_random_ring
D:9:      layout_roguey, gammafunk_temple_overflow_wave, serial_ice,
          serial_ice_o, serial_ice_m, serial_ice_a, serial_ice_c, serial_ice_h,
          serial_ice_e
D:10:     gammafunk_cloud_chamber, layout_irregular_city, good_gods_mini_temple
D:11:     layout_stronghold, lair_entry_dummy, serial_shops, shop
Temple:   minmay_temple_curvy_branch

Skill      XL: |  1  2  3  4  5  6  7  8  9 10 11 |
---------------+----------------------------------+-----
Axes           | 6 7 8 9 11 13 15 | 15.3
Shields        | 4 5 6 |  6.0
Fighting       | 4 5 6 8 9 10 | 10.9
Armour         | 4 5 6 8 9 10 | 10.8
Invocations    | 2 3 5 7 |  7.2

Action                   |  1- 3 |  4- 6 |  7- 9 | 10-12 || total
-------------------------+-------+-------+-------+-------++-------
Melee: War axe           |    26 |   121 |   311 |   322 ||   780
       Headbutt          |     3 |    23 |    66 |    67 ||   159
       Unarmed           |       |       |     2 |       ||     2
Throw: Dart              |     1 |    14 |    10 |    27 ||    52
Invok: Heroism           |       |       |     8 |    13 ||    21
       Finesse           |       |       |       |     1 ||     1
  Use: Potion            |     1 |       |     1 |     4 ||     6
       Scroll            |       |       |    12 |     9 ||    21
Armor: Scale mail        |     8 |    39 |     2 |       ||    49
       Plate armour      |       |       |   167 |   196 ||   363
Dodge: Dodged            |    11 |    36 |    98 |    98 ||   243
Block: Buckler           |     2 |    20 |    87 |    66 ||   175
